 Dungeon Crawl Stone Soup version 0.30.1-9-gdf580d7c3d (webtiles) character file.

Game seed: 1390147809384267795

141 coolio the Digger (level 5, -3/39 (45) HPs)
             Began as an Ogre Earth Elementalist on Oct 11, 2023.
             Was an Initiate of Sif Muna.
             Slain by an ogre
             ... wielding a +0 giant club
              (24 damage)
             ... on level 4 of the Dungeon.
             The game lasted 00:03:18 (3059 turns).

coolio the Digger (Ogre Earth Elementalist)         Turns: 3059, Time: 00:03:18

HP:   -3/39 (45)    AC:  3    Str: 12    XL:     5   Next: 24%
MP:   3/9           EV:  9    Int: 18    God:    Sif Muna [......]
Gold: 153           SH:  0    Dex:  9    Spells: 6/10 levels left

rFire   . . .        m - +0 mace
rCold   . . .        (no shield)
rNeg    . . .        a - +0 robe
rPois   .            (helmet restricted)
rElec   .            (no cloak)
rCorr   .            (gloves unavailable)
SInv    .            (boots unavailable)
Will    .....        (no amulet)
Stlth   +            (no ring)
HPRegen 0.26/turn    (no ring)
MPRegen 0.11/turn

%: no passive effects
@: heavily drained
A: large, unfitting armour, tough skin 1
a: Renounce Religion


You were on level 4 of the Dungeon.
You worshipped Sif Muna.
Sif Muna was noncommittal.
You visited 1 branch of the dungeon, and saw 4 of its levels.

You collected 153 gold pieces.

Inventory:

Hand Weapons
 m - a +0 mace (weapon)
Missiles
 q - a throwing net
Armour
 a - a +0 robe (worn)
Jewellery
 i - a ring of positive energy
Wands
 k - a wand of flame (20)
Scrolls
 d - a scroll of brand weapon {unknown}
 e - 2 scrolls of amnesia {unknown}
 f - 3 scrolls of enchant armour {unknown}
 g - 2 scrolls of identify {unknown}
 h - a scroll of silence {unknown}
 j - 2 scrolls of blinking {unknown}
 n - a scroll of magic mapping {unknown}
 p - 2 scrolls of fear {unknown}
Potions
 b - a potion of magic
 c - a potion of lignification {unknown}
 l - a potion of heal wounds {unknown}
 o - a potion of might {unknown}


   Skills:
 * Level 2.0 Maces & Flails
 - Level 1.7 Dodging
 - Level 1.4 Stealth
 + Level 3.3 Spellcasting
 + Level 1.8 Transmutations
 * Level 3.8 Earth Magic


You had 6 spell levels left.
You knew the following spells:

 Your Spells              Type           Power      Damage    Failure   Level
a - Sandblast             Erth           32%        2d9       3%          1
b - Stone Arrow           Conj/Erth      18%        3d8       22%         3

Your spell library contained the following spells:

 Spells                   Type           Power      Damage    Failure   Level
 Passwall                 Tmut/Erth      10%        N/A       8%          2
 Petrify                  Tmut/Erth      13%        N/A       43%         4


Dungeon Overview and Level Annotations

Branches:
Dungeon (4/15)
 Temple: D:4-7

Altars:
Cheibriados
Hepliaklqana
Okawaru
Qazlal
Sif Muna
Vehumet

Shops:
D:2 =

Annotations:
D:2 Terence


Innate Abilities, Weirdness & Mutations

You are too large for most types of armour.
You have tough skin. (AC +1)


Message History

The quokka is almost dead.
You miss the quokka.
The quokka is almost dead.
The quokka closely misses you.
The blast of sand hits the quokka.
You kill the quokka!
Sif Muna accepts your kill.
You can't see any susceptible monsters within range! (Use Z to cast anyway.) Magic restored.
You open the door.
There is an open door here.
An ogre comes into view. It is wielding a +0 giant club.
The ogre shouts!
An ogre is nearby!
An ogre is nearby!
An ogre is nearby!
Casting: Sandblast (safe; 3% risk of failure)
Confirm with . or Enter, or press ? or * to list all spells.
You can't see any susceptible monsters within range! (Use Z to cast anyway.)
Casting: Sandblast (safe; 3% risk of failure)
Confirm with . or Enter, or press ? or * to list all spells.
The spell is quite dangerous to miscast (22% risk of failure)!
Continue anyway?
Okay, then.
Unknown command.
Casting: Stone Arrow (quite dangerous; 22% risk of failure)
Confirm with . or Enter, or press ? or * to list all spells.
The spell is quite dangerous to miscast (22% risk of failure)!
Continue anyway?
Aiming: Stone Arrow (quite dangerous; 22% risk of failure)
Press: ? - help, Shift-Dir - straight line, f - ogre
Aim: an ogre, wielding a +0 giant club (83% to hit)
The stone arrow misses the ogre.
The blast of sand hits the ogre.
The ogre is moderately wounded.
The blast of sand misses the ogre.
The ogre hits you with a +0 giant club!!
The blast of sand hits the ogre!
The ogre is severely wounded.
The ogre hits you with a +0 giant club!!
Ouch! That really hurt!
You die...

..... #.#.# #.#.#
##.# #.#.####....#
#.#.#@O......
#.#.#.#####.#
#.#.#.# #.#
#.....# #.#
###.#######.#
#.......#.#
#######.#'########
#..........#
#.......)..#


You could see an ogre.

Vanquished Creatures
  2 orc wizards (D:3)
  2 adders (D:2)
  2 dart slugs
  4 orcs
  9 endoplasms
  3 giant cockroaches
  5 goblins
  7 hobgoblins
  10 kobolds
  2 quokkas
  5 ball pythons
  4 bats
  4 frilled lizards
  3 rats
62 creatures vanquished.

Notes
Turn   | Place    | Note
-------+----------+-------------------------------------------
     0 | D:1      | coolio the Ogre Earth Elementalist began the quest for the
                  | Orb.
     0 | D:1      | Reached XP level 1. HP: 16/16 MP: 3/3
    49 | D:1      | Reached skill level 1 in Transmutations
   113 | D:1      | Reached XP level 2. HP: 24/24 MP: 1/5
   579 | D:1      | Reached XP level 3. HP: 31/31 MP: 4/7
   636 | D:1      | Learned a level 3 spell: Stone Arrow
  1001 | D:2      | Reached skill level 1 in Maces & Flails
  1251 | D:2      | Found Beetoh's Jewellery Shop.
  1415 | D:2      | Reached XP level 4. HP: 39/39 MP: 5/8
  1480 | D:2      | Noticed Terence
  1926 | D:2      | Found a snail-covered altar of Cheibriados.
  2631 | D:3      | Reached XP level 5. HP: 28/39 MP: 3/9
  2758 | D:3      | Found an iron altar of Okawaru.
  2826 | D:3      | Found a hazy altar of Hepliaklqana.
  2827 | D:3      | Found a stormy altar of Qazlal.
  2868 | D:3      | Found a radiant altar of Vehumet.
  2872 | D:3      | Found a shimmering blue altar of Sif Muna.
  2885 | D:3      | Became a worshipper of Sif Muna the Loreminder
  3053 | D:4      | Noticed an ogre
  3059 | D:4      | Slain by an ogre

Illustrated notes

Levels and vault maps discovered:
D:1:      dpeg_arrival_rooms_with_view, layout_loops_ring
D:2:      layout_loops_corners, serial_shops, shop, basic_altar, uniq_terence
D:3:      layout_basic, grunt_temple_overflow_open, okawaru_trees_2
D:4:      layout_basic, overflow_temple_1_default,
          minmay_temple_entry_offerings, minmay_ruptured

Skill      XL: |  1  2  3  4  5 |
---------------+----------------+-----
Transmutations | 1 |  1.8
Earth Magic    | 3 |  3.8
Maces & Flails | 1 2 |  2.0
Spellcasting   | 3 |  3.3
Dodging        | |  1.7
Stealth        | |  1.4

Action                     |  1- 3 |  4- 6 || total
---------------------------+-------+-------++-------
  Melee: Unarmed           |     2 |       ||     2
         Club              |    11 |       ||    11
         Mace              |       |     3 ||     3
   Cast: Sandblast         |    54 |    42 ||    96
         Stone Arrow       |       |     1 ||     1
 Armour: Robe              |     8 |     5 ||    13
  Dodge: Dodged            |    22 |    11 ||    33
